 Dungeon Crawl Stone Soup version 0.22-a0-480-g991dd4b (webtiles) character file.

68 Darkshadow the Chopper (level 4, -1/41 HPs)
             Began as a Minotaur Berserker on June 15, 2018.
             Was a Believer of Trog.
             Slain by a gnoll (8 damage)
             ... on level 2 of the Dungeon.
             The game lasted 00:03:28 (1015 turns).

Darkshadow the Chopper (Minotaur Berserker)         Turns: 1015, Time: 00:03:29

Health: -1/41      AC:  2    Str: 22    XL:     4   Next: 1%
Magic:  3/3        EV: 12    Int:  4    God:    Trog [**....]
Gold:   42         SH:  0    Dex: 10    Spells: 3/3 levels left

rFire    . . .     SeeInvis .   a - +0 hand axe
rCold    . . .     Gourm    .   (no shield)
rNeg     . . .     Faith    .   b - +0 animal skin
rPois    .         Spirit   .   (helmet restricted)
rElec    .         Reflect  .   (no cloak)
rCorr    .         Harm     .   (no gloves)
MR       .....                  (no boots)
Stlth    +.........             (no amulet)
HPRegen  0.13/turn              (no ring)
MPRegen  0.08/turn              (no ring)

@: berserk cooldown
A: retaliatory headbutt, horns 2
a: Berserk, Trog's Hand, Renounce Religion


You were on level 2 of the Dungeon.
You worshipped Trog.
Trog was pleased with you.
You were not hungry.

You visited 1 branch of the dungeon, and saw 2 of its levels.

You collected 42 gold pieces.

Inventory:

Hand Weapons
 a - a +0 hand axe (weapon)
Missiles
 m - 24 stones (quivered)
Armour
 b - a +0 animal skin (worn)
 i - a +0 pair of gloves
 k - a +0 ring mail
Jewellery
 d - an uncursed ring of wizardry {unknown}
Scrolls
 f - a scroll of blinking {unknown}
 g - a scroll of remove curse {unknown}
 j - 2 scrolls of identify {unknown}
 n - 2 scrolls of magic mapping {unknown}
 o - a scroll of amnesia {unknown}
Potions
 e - a potion of degeneration {unknown}
 h - a potion of curing {unknown}
 l - 2 potions of flight {unknown}
 p - a potion of resistance {unknown}
Comestibles
 c - a ration
 q - a chunk of flesh


   Skills:
 + Level 4.3 Fighting
 * Level 4.5 Axes
 + Level 3.3 Armour
 - Level 2.7 Dodging


You had 3 spell levels left.
You didn't know any spells.
Your spell library was empty.

Dungeon Overview and Level Annotations

Branches:
Dungeon (2/15)

Altars:


Innate Abilities, Weirdness & Mutations

You reflexively headbutt those who attack you in melee.
You have a pair of horns on your head.


Message History

* * * LOW HITPOINT WARNING * * *
The gnoll barely misses you.
You see here a kobold corpse.
You hit the gnoll but do no damage. Your headbutt misses the gnoll.
The gnoll is almost dead.
The gnoll closely misses you.
You are too injured to fight recklessly!
You barely miss the gnoll.
You kill the gnoll!
Trog accepts your kill. The hobgoblin closely misses you.
You furiously retaliate!
You headbutt the hobgoblin.
You kill the hobgoblin!
Trog accepts your kill.
You have reached level 4!
You feel agile.
The gnoll throws a throwing net.
The throwing net completely misses you.
You feel yourself speed up. The gnoll hits you!
You die...

... . ##.#+# .#
..#.##.##
#.###........
#............
.######).......
.......g...$...
#######g#######
##<....#@#
#...†#.#†#
#......#.#
#....###.#
#.......(#
#...)#####
#....# #....#
#....#


You could see 2 gnolls.

Vanquished Creatures
  An adder (D:2)
  2 gnolls
  2 dart slugs (D:1)
  A leopard gecko (D:1)
  6 goblins
  5 hobgoblins
  5 jackals
  3 bats
  A frilled lizard (D:1)
  3 kobolds
  5 rats (D:1)
34 creatures vanquished.

Notes
Turn   | Place    | Note
-------+----------+-------------------------------------------
     0 | D:1      | Darkshadow the Minotaur Berserker began the quest for the Orb.
     0 | D:1      | Reached XP level 1. HP: 19/19 MP: 0/0
    87 | D:1      | Reached XP level 2. HP: 16/27 MP: 1/1
   808 | D:1      | Reached XP level 3. HP: 32/33 MP: 2/2
   948 | D:2      | Reached ** piety under Trog
  1014 | D:2      | Reached XP level 4. HP: 7/41 MP: 3/3
  1015 | D:2      | Slain by a gnoll

Vault maps used:
D:1:      dpeg_arrival_more_subterranean_lakeside_camping, serial_park_tiny_2

Skill      XL: |  1  2 |
---------------+-------+-----
Fighting       | 4 |  4.3
Axes           | 4 |  4.5
Armour         | 3 |  3.3
Dodging        | |  2.7

Action                   |  1- 3 |  4- 6 || total
-------------------------+-------+-------++-------
Melee: Hand axe          |    57 |       ||    57
       Headbutt          |    11 |       ||    11
Invok: Berserk           |     2 |       ||     2
 Stab: Sleeping          |     1 |       ||     1
  Eat: Chunk             |     2 |       ||     2
Armor: Animal skin       |    10 |       ||    10
Dodge: Dodged            |    50 |     1 ||    51

Table legend:
 A = Spawn XP
 B = Non-spawn XP
 C = Spawn XP percentage of total XP
 D = Spawn monster count
 E = Non-spawn monster count
 F = Spawn count percentage of total count
 G = Total turns spent on level
                    A         B        C        D         E        F      G
               +---------+---------+-------+---------+---------+-------+---------
         Total |       0 |      98 |   0.0 |       0 |      34 |   0.0 |  1015
               +---------+---------+-------+---------+---------+-------+---------
           D:1 |       0 |      58 |   0.0 |       0 |      25 |   0.0 |   928
           D:2 |       0 |      40 |   0.0 |       0 |       9 |   0.0 |    87
               +---------+---------+-------+---------+---------+-------+---------
